 Dungeon Crawl Stone Soup version 0.30.1-11-g7821555f0a (webtiles) character file.

Game seed: 7826158874563565777

1675 ChrisAssaf the Ruffian (level 8, -4/67 HPs)
             Began as a Troll Gladiator on Dec 21, 2023.
             Was an Elder of Ru.
             Slain by a lemure (5 damage)
             ... led by Pikel
             ... on level 8 of the Dungeon.
             The game lasted 00:17:40 (5570 turns).

ChrisAssaf the Ruffian (Troll Gladiator)            Turns: 5570, Time: 00:17:41

Health: -4/67      AC:  8    Str: 23    XL:     8   Next: 70%
Magic:  5/9        EV: 11    Int:  6    God:    Ru [****..]
Gold:   451        SH:  0    Dex: 17    Spells: 8/10 levels left

rFire   x . .        v - +1 giant spiked club
rCold   + . .        (shield currently unavailable)
rNeg    . . .        a - +2 robe
rPois   .            b - +2 hat
rElec   .            A - scarf {repulsion}
rCorr   .            (gloves unavailable)
SInv    .            (boots unavailable)
Will    .....        d - amulet of the acrobat
Stlth   ++           k - ring of ice
HPRegen 1.11/turn    y - +6 ring of dexterity
MPRegen 0.11/turn

%: repel missiles, acrobat
@: mighty, exhausted
A: large, unfitting armour, claws 3, frail 1, regeneration 1, shaggy fur 1,
tough skin 1, inability to use devices, wild magic 1, sturdy frame 1
a: Renounce Religion, Draw Out Power, Power Leap


You were on level 8 of the Dungeon.
You worshipped Ru.
Ru was greatly pleased with you.
You visited 1 branch of the dungeon, and saw 8 of its levels.
You also visited: Ossuary.

You collected 451 gold pieces.

Inventory:

Hand Weapons
 v - a +1 giant spiked club (weapon)
Missiles
 c - a throwing net
 m - 7 large rocks (quivered)
Armour
 a - a +2 robe (worn)
 b - a +2 hat (worn)
 A - a scarf of repulsion (worn)
Jewellery
 d - an amulet of the acrobat (around neck)
 k - a ring of ice (left claw)
 p - an amulet of magic regeneration
 y - a +6 ring of dexterity (right claw)
Scrolls
 j - a scroll of enchant armour
 o - a scroll of immolation
 w - 2 scrolls of poison
 x - a scroll of fog
 B - 2 scrolls of teleportation
Potions
 e - 3 potions of berserk rage {unknown}
 f - a potion of magic {unknown}
 g - 3 potions of curing
 h - 2 potions of attraction {unknown}
 i - a potion of heal wounds
 l - a potion of degeneration {unknown}
 n - 3 potions of might
 q - a potion of resistance {unknown}
 r - 5 potions of cancellation
 s - a potion of invisibility {unknown}
 t - 2 potions of lignification {unknown}
 u - 3 potions of flight {unknown}
 z - a potion of haste


   Skills:
 * Level 3.5 Fighting
 - Level 3.3 Long Blades
 * Level 3.1 Maces & Flails
 * Level 3.2 Throwing
 * Level 2.2 Armour
 * Level 4.2 Dodging
 * Level 1.6 Stealth
 * Level 4.7 Unarmed Combat
 * Level 1.5 Spellcasting
 * Level 1.5 Summonings


You had 8 spell levels left.
You knew the following spells:

 Your Spells              Type           Power      Damage    Failure   Level
a - Call Imp              Summ           6%         N/A       43%         2

Your spell library contained the following spells:

 Spells                   Type           Power      Damage    Failure   Level
 Magic Dart               Conj           0%         1d3       50%         1
 Necrotise                Necr           0%         1d4       50%         1
 Sublimation of Blood     Necr           0%         N/A       63%         2
 Wereblood                Tmut           0%         N/A       63%         2
 Call Canine Familiar     Summ           3%         N/A       65%         3
 Mephitic Cloud           Conj/Pois/Air  0%         N/A       85%         3
 Ozocubu's Armour         Ice            0%         N/A       85%         3
 Portal Projectile        Hex/Tloc       0%         N/A       85%         3
 Vampiric Draining        Necr           0%         2d6       85%         3
 Leda's Liquefaction      Hex/Erth       0%         N/A       99%         4
 Agony                    Necr           0%         N/A       100%        5
 Metabolic Englaciation   Hex/Ice        0%         N/A       100%        5
 Simulacrum               Ice/Necr       0%         N/A       100%        6
 Summon Hydra             Summ           1%         N/A       100%        7


Dungeon Overview and Level Annotations

Branches:
Dungeon (8/15)             Temple (0/1) D:7         Ossuary (visited)
   Lair: D:8-11

Altars:
Gozag
Qazlal
Ru
Xom

Annotations:
D:8 Pikel


Innate Abilities, Weirdness & Mutations

You are too large for most types of armour.
You have claws for hands.
You are frail. (-10% HP)
Your natural rate of healing is unusually fast.
You are covered in fur. (AC +1)
You have tough skin. (AC +1)
You cannot study or use magical devices.
Your spells are a little harder to cast, but a little more powerful.
Your movements are slightly less encumbered by armour. (ER -2)


Message History

The lemure is stunned by your conviction and fails to attack.
Pikel hits you with a +2 whip of flaming.
Pikel burns you. The lemure hits you.
The lemure is stunned by your conviction and fails to attack.
The lemure completely misses you. The lemure hits you.
* * * LOW HITPOINT WARNING * * *
The lemure barely misses you.
The lemure is stunned by your conviction and fails to attack.
The lemure hits you.
* * * LOW HITPOINT WARNING * * *
Pikel hits you with a +2 whip of flaming.
* * * LOW HITPOINT WARNING * * *
Pikel burns you.
* * * LOW HITPOINT WARNING * * *
Okay, then.
You feel much better. The lemure barely misses you.
The lemure hits you but does no damage. The lemure hits you.
Pikel waves his whip at you.
Pikel hits you with a +2 whip of flaming.
Pikel burns you. The lemure misses you.
You barely miss Pikel.
Pikel is heavily wounded.
The lemure hits you but does no damage. Pikel barely misses you.
The lemure barely misses you. The lemure hits you but does no damage.
The lemure barely misses you. The lemure hits you.
The lemure hits you but does no damage. The lemure hits you!
* * * LOW HITPOINT WARNING * * *
The lemure barely misses you.
Pikel hits you with a +2 whip of flaming.
* * * LOW HITPOINT WARNING * * *
Pikel burns you.
* * * LOW HITPOINT WARNING * * *
You puncture Pikel!
Pikel is almost dead.
The lemure hits you.
* * * LOW HITPOINT WARNING * * *
The lemure closely misses you. The lemure hits you!
* * * LOW HITPOINT WARNING * * *
Pikel hits you but does no damage. The lemure hits you.
You die...

...... ......
#........#
#........##
..........#
..........#
.....?....####!###
.........5@5......
.........55K).....
#........#.......!
##.....<##........
#########........
#........
#........
#........


You could see Pikel (corona) and 4 lemures.

Vanquished Creatures
  Sigmund (D:5)
  Menkaure (D:7)
  Edmund (D:5)
  3 ice beasts
  An ogre (D:6)
  A centaur (D:6)
  A phantom (D:7)
  A scorpion (D:6)
  Crazy Yiuf (D:2)
  An orc priest (D:7)
  A hound (D:5)
  2 jellies
  A gnoll bouda (D:5)
  2 iguanas
  Terence (D:2)
  2 orc wizards (D:6)
  3 sleepcaps
  12 mummies (Ossuary)
  4 gnolls (D:5)
  3 adders
  A shadow imp (D:6)
  A white imp (D:5)
  2 ufetubi
  2 worms
  3 dart slugs
  9 orcs
  3 endoplasms
  3 giant cockroaches
  3 goblins
  2 hobgoblins
  7 jackals
  2 quokkas
  8 ball pythons
  6 bats
  7 frilled lizards
  A gnoll skeleton (Ossuary)
  2 goblin skeletons (Ossuary)
  6 kobolds
  3 kobold skeletons (Ossuary)
  2 orc skeletons (Ossuary)
  5 rats
  11 rat skeletons (Ossuary)
132 creatures vanquished.

Vanquished Creatures (others)
  An iguana (D:4)
  A gnoll (D:5)
  A ball python (D:2)
3 creatures vanquished.

Grand Total: 135 creatures vanquished

Notes
Turn   | Place    | Note
-------+----------+-------------------------------------------
     0 | D:1      | ChrisAssaf the Troll Gladiator began the quest for the Orb.
     0 | D:1      | Reached XP level 1. HP: 19/19 MP: 0/0
   197 | D:1      | Reached XP level 2. HP: 27/27 MP: 1/1
   387 | D:2      | Reached XP level 3. HP: 35/35 MP: 2/2
   954 | D:3      | Noticed an eye of devastation
   956 | D:3      | Found a faded altar of an unknown god.
   958 | D:3      | Noticed a floating eye
   959 | D:3      | Noticed a golden eye
   959 | D:3      | Noticed a floating eye
   964 | D:3      | Prayed at the altar of an unknown god.
   964 | D:3      | Became a worshipper of Ru the Awakened
   968 | D:3      | Gained mutation: You cannot study or use magical devices.
                  | [Ru sacrifice]
   968 | D:3      | Reached * piety under Ru
   968 | D:3      | Reached ** piety under Ru
  1396 | D:2      | Noticed Terence
  1413 | D:2      | Killed Terence
  1414 | D:2      | Reached skill level 1 in Long Blades
  1414 | D:2      | Reached XP level 4. HP: 39/42 MP: 3/3
  1721 | D:2      | Found a runed translucent door.
  1722 | D:2      | Noticed Crazy Yiuf
  1729 | D:2      | Killed Crazy Yiuf
  2168 | D:4      | Reached XP level 5. HP: 49/49 MP: 4/4
  2338 | D:4      | Reached skill level 1 in Armour
  2914 | D:5      | Entered Level 5 of the Dungeon
  2982 | D:5      | Learned a level 2 spell: Call Imp
  3135 | D:5      | Gained mutation: You are frail. (-10% HP) [potion of
                  | mutation]
  3135 | D:5      | Gained mutation: You are strong-willed. (Will+) [potion of
                  | mutation]
  3136 | D:5      | Lost mutation: You are frail. (-10% HP) [potion of
                  | mutation]
  3136 | D:5      | Lost mutation: You are strong-willed. (Will+) [potion of
                  | mutation]
  3136 | D:5      | Gained mutation: Your spells are a little harder to cast,
                  | but a little more powerful. [potion of mutation]
  3136 | D:5      | Gained mutation: Your movements are slightly less
                  | encumbered by armour. (ER -2) [potion of mutation]
  3177 | D:5      | Reached XP level 6. HP: 57/57 MP: 5/5
  3221 | D:5      | Noticed Sigmund
  3224 | D:5      | Killed Sigmund
  3447 | D:5      | Noticed an ice beast
  3459 | D:5      | Killed an ice beast
  3460 | D:5      | Reached skill level 1 in Stealth
  3460 | D:5      | Reached XP level 7. HP: 66/66 MP: 5/7
  3514 | D:5      | Gained mutation: You are frail. (-10% HP) [Ru sacrifice]
  3514 | D:5      | Reached *** piety under Ru
  3514 | D:5      | Reached **** piety under Ru
  3571 | D:5      | Found a large runed translucent door.
  3572 | D:5      | Found a large runed translucent door.
  3584 | D:5      | Found a shimmering altar of Xom.
  3605 | D:5      | Found an opulent altar of Gozag.
  3649 | D:5      | Noticed Edmund
  3654 | D:5      | Killed Edmund
  3780 | D:6      | Reached skill level 1 in Spellcasting
  3879 | D:6      | Identified the +0 leather armour "Ruhim" {rF+ Regen+ Str+4}
  3887 | D:6      | Reached skill level 1 in Summonings
  4128 | D:6      | Found a stormy altar of Qazlal.
  4134 | D:6      | Reached XP level 8. HP: 67/67 MP: 8/8
  4181 | D:6      | Reached skill level 1 in Maces & Flails
  4796 | D:7      | Found a sand-covered staircase.
  4818 | Ossuary  | Entered an ossuary
  5347 | D:7      | Found a staircase to the Ecumenical Temple.
  5459 | D:7      | Noticed Menkaure
  5460 | D:7      | Killed Menkaure
  5561 | D:8      | Noticed Pikel
  5570 | D:8      | HP: 1/67 [lemure[Pikel] (8)]
  5570 | D:8      | Slain by a lemure

Illustrated notes

Levels and vault maps discovered:
D:1:      dpeg_arrival_rooms_with_view, layout_rooms
D:2:      layout_rooms, minmay_misc_feat_enclosed, uniq_crazy_yiuf_cottage,
          uniq_terence
D:3:      layout_loops_ring, hellmonk_ecumenical_altar_watching_god
D:4:      layout_basic
D:5:      wander_river, layout_basic, jmf_multi_god_temple2, uniq_sigmund,
          uniq_edmund
D:6:      layout_loops_cross, mainiacjoe_overflow_24_doors
D:7:      layout_basic, minmay_temple_entry_proselytizer,
          lightli_ossuary_entry_decrepit_ruins, uniq_menkaure
D:8:      layout_rooms, uniq_pikel

Skill      XL: |  1  2  3  4  5  6  7  8 |
---------------+-------------------------+-----
Long Blades    | 1 2 3 |  3.3
Throwing       | 2 3 |  3.2
Dodging        | 3 4 |  4.2
Fighting       | 2 3 |  3.5
Armour         | 1 2 |  2.2
Unarmed Combat | 4 |  4.7
Stealth        | 1 |  1.6
Spellcasting   | 1 |  1.5
Summonings     | 1 |  1.5
Maces & Flails | 3 |  3.1

Action                     |  1- 3 |  4- 6 |  7- 9 || total
---------------------------+-------+-------+-------++-------
  Melee: Unarmed           |    79 |       |       ||    79
         Great sword       |    73 |   110 |    31 ||   214
         Giant spiked club |       |       |   125 ||   125
  Throw: Throwing net      |     2 |     1 |       ||     3
         Large rock        |     1 |     9 |    13 ||    23
 Invoke: Sacrifice Artific |     1 |       |       ||     1
         Power Leap        |       |       |     4 ||     4
         Sacrifice Health  |       |       |     1 ||     1
    Use: Scroll            |     8 |     4 |     8 ||    20
         Potion            |       |     3 |     2 ||     5
   Stab: Invisible         |     1 |       |     2 ||     3
         Sleeping          |       |       |     3 ||     3
 Armour: Robe              |    82 |    84 |    82 ||   248
  Dodge: Dodged            |   115 |   147 |   100 ||   362
